 Dungeon Crawl Stone Soup version bcrawl-1.38b (webtiles) character file.

Game seed: 15991166254306115289

263659 petercordia3 the Magician (level 8, 68/68 HPs)
             Began as an Oni Arcane Marksman on June 1, 2022.
             Was a Believer of Cheibriados.
             Got out of the dungeon alive.
             The game lasted 00:15:59 (3942 turns).

petercordia3 the Magician (Oni Arcane Marksman)     Turns: 3942, Time: 00:15:59

Health: 68/68      AC:  7    Str: 18    XL:     8   Next: 26%
Magic:  16/17      EV: 14    Int: 20    God:    Cheibriados [**....]
Gold:   256        SH:  0    Dex: 16    Spells: 7/17 levels left

rFire    . . .     GDR:     28% b - +4 dagger
rCold    . . .     SeeInvis +   (no shield)
rNeg     . . .     Gourm    .   c - +0 animal skin
rPois    .         Faith    .   (helmet restricted)
rElec    .         Spirit   .   (no cloak)
rCorr    .         Reflect  .   B - +0 pair of gloves
MR       .....     Clarity  +   D - +0 pair of boots
Stlth    +.........             C - amulet of regeneration
HPRegen  0.69/turn              h - +3 ring of protection
MPRegen  0.15/turn              n - ring of see invisible

@: very slow
A: oni magic, claws 1, fangs 1, horns 1
a: Bend Time, Defer, Renounce Religion


You escaped.
You worshipped Cheibriados.
Cheibriados was pleased with you.
You were hungry.

You visited 1 branch of the dungeon, and saw 4 of its levels.
You also visited: Sewer.

You collected 256 gold pieces.

Inventory:

Hand Weapons
 a - a +1 shortbow
 b - a +4 dagger (weapon)
 d - a +0 dagger
 y - a +0 whip
 E - the +8 falchion of Qisi {flame, rPois rN+ Str+3 Dex+3, unknown}
   (You found it on level 4 of the Dungeon)

   It has been specially enchanted to surge with flame as it hits, increasing
   damage dealt by approximately one third against foes not resistant or
   susceptible to fire.
   Its heat also prevents any hydra heads it cuts off from regrowing.
   It affects your strength (+3).
   It affects your dexterity (+3).
   It protects you from poison.
   It protects you from negative energy.
 G - a +0 dagger of venom
Missiles
 f - 739 arrows
Armour
 c - a +0 animal skin (worn)
 r - a +0 ring mail of poison resistance
 B - a +0 pair of gloves (worn)
 D - a +0 pair of boots (worn)
Jewellery
 h - a +3 ring of protection (left hand)
 n - a ring of see invisible (right hand)
 C - an amulet of regeneration (around neck)
Wands
 v - a wand of polymorph (11)
Scrolls
 i - 2 scrolls of identify
 j - 2 scrolls of noise {unknown}
 k - 3 scrolls of amnesia {unknown}
 m - a scroll of blinking
 p - 3 scrolls of teleportation {unknown}
 s - 2 scrolls of immolation
 u - 2 scrolls of enchant armour
 x - 4 scrolls of remove curse
Potions
 g - a potion of mutation {unknown}
 l - 4 potions of flight {unknown}
 o - a potion of haste {unknown}
 q - 2 potions of might {unknown}
 t - 6 potions of curing
 w - a potion of brilliance {unknown}
 z - a potion of agility {unknown}
 A - a potion of heal wounds {unknown}
 F - a potion of degeneration {unknown}
Comestibles
 e - 4 rations {!d}


   Skills:
 + Level 5.0 Fighting
 - Level 2.0 Bows
 + Level 4.5 Dodging
 * Level 5.2 Spellcasting
   Level 5.2 Conjurations
   Level 5.2 Hexes
   Level 5.2 Charms
   Level 5.2 Summonings
   Level 5.2 Necromancy
   Level 5.2 Translocations
   Level 5.2 Transmutations
   Level 5.2 Fire Magic
   Level 5.2 Ice Magic
   Level 5.2 Air Magic
   Level 5.2 Earth Magic
   Level 5.2 Poison Magic


You had 7 spell levels left.
You knew the following spells:

 Your Spells              Type           Power        Failure   Level  Hunger
a - Sting                 Conj/Pois      ####         1%          1    None
b - Corona                Hex            ####...      1%          1    None
c - Searing Ray           Conj           ####....     1%          2    None
d - Agony                 Necr           ####....     10%         4    ####...
s - Shackle               Hex            ####....     1%          2    None

Your spell library contained the following spells:

 Spells                   Type           Power        Failure   Level  Hunger
 False Image              Hex/Summ       ####....     3%          3    ##.....
 Inner Flame              Hex/Fire       N/A          3%          3    ##.....
 Cause Fear               Hex            ####......   10%         4    ####...
 Yara's Violent Unravell  Hex/Tmut       ####......   13%         4    ####...
 Piercing Shot            Chrm           ####......   26%         5    ######.


Dungeon Overview and Level Annotations

Branches:
Dungeon (4/12)
 Temple: D:4-7

Altars:
Cheibriados
Nemelex Xobeh
Qazlal
Trog
Wu Jian

Annotations:
D:2 unseen tile


Innate Abilities, Weirdness & Mutations

You learn spells by gaining experience, not through books or religion.
You only train spellcasting to practice magic.
You have sharp fingernails.
You have very sharp teeth.
You have a pair of small horns on your head.


Message History

You can't go up here!
(D) Dungeon
Where to? (Enter - D:2, ? - help)
Okay, then.
You can't go up here!
Unknown command.
(D) Dungeon
Where to? (Enter - D:2, ? - help) HP restored.
There is a stone staircase leading up here.
You climb upwards.
There is a stone staircase leading down here.
(D) Dungeon
Where to? (Enter - D:1, ? - help)
Okay, then.
There is an open door here.
There is an open door here.
There is a staircase leading out of the dungeon here.
Are you sure you want to leave the Dungeon?
This will make you lose the game!
You have escaped!

'## #........#..# #.#.....#
.# ##..>#.####'## #.#.###.#
.# #...####....## #.#.# #.#
.# #.####.......###.#.# #.#
.####.##......#..#...#.# #.#
.......).....####..#######.##
....##.....#####............#
....##.#>#####...############
....##.#####....@#
....######.......# ....#
##.......### .#.####....##..#
.#.# #......####
.#.###.####.## .#.....# #..#
.##.#### ##.# .##..# #.##


There were no monsters in sight!

Vanquished Creatures
  A komodo dragon (D:4)
  Menkaure (D:4)
  An ogre (D:4)
  Blork the orc (D:4)
  A kobold brigand (Sewer)
  An orc priest (D:3)
  2 crimson imps (D:4)
  A bullfrog skeleton (D:4)
  A hound (D:4)
  2 orc wizards
  2 worker ants (D:4)
  A howler monkey zombie (D:3)
  5 adders
  5 river rats
  2 dart slugs
  3 leopard geckos
  8 orcs
  6 ball pythons
  5 bats
  4 giant cockroaches
  7 hobgoblins
  24 kobolds
  A quokka (D:4)
  2 frilled lizards
  A goblin (D:3)
  22 rats
110 creatures vanquished.

Notes
Turn   | Place    | Note
-------+----------+-------------------------------------------
     0 | D:1      | petercordia3 the Oni Arcane Marksman began the quest for
                  | the Orb.
     0 | D:1      | Reached XP level 1. HP: 17/17 MP: 5/5
    80 | D:1      | Reached XP level 2. HP: 24/24 MP: 7/7
    84 | D:1      | Learned a level 1 spell: Sting
   671 | D:1      | Reached XP level 3. HP: 30/30 MP: 6/9
  1029 | D:2      | Found a bloodstained altar of Trog.
  1652 | D:2      | Learned a level 2 spell: Shackle
  1710 | D:3      | Reached XP level 4. HP: 34/37 MP: 5/10
  1713 | D:3      | Learned a level 2 spell: Searing Ray
  1752 | D:3      | Found a snail-covered altar of Cheibriados.
  1777 | D:3      | Reached XP level 5. HP: 34/45 MP: 2/12
  1778 | D:3      | Became a worshipper of Cheibriados the Contemplative
  1811 | D:3      | Found a glowing drain.
  1846 | Sewer    | Entered a sewer
  2222 | Sewer    | Reached * piety under Cheibriados
  2378 | Sewer    | Reached XP level 6. HP: 51/51 MP: 10/13
  2383 | Sewer    | Learned a level 4 spell: Agony
  3109 | D:3      | Found an ornate altar of the Wu Jian Council.
  3409 | D:4      | Found a stormy altar of Qazlal.
  3414 | D:4      | Noticed Menkaure
  3421 | D:4      | Noticed a komodo dragon
  3556 | D:4      | Found a sparkling altar of Nemelex Xobeh.
  3666 | D:4      | Reached XP level 7. HP: 59/59 MP: 5/15
  3667 | D:4      | Noticed Blork the orc
  3681 | D:4      | Killed Blork the orc
  3781 | D:4      | Killed Menkaure
  3829 | D:4      | Got an ichor-stained falchion
  3847 | D:4      | Killed a komodo dragon
  3848 | D:4      | Reached skill level 5 in Spellcasting
  3848 | D:4      | Reached XP level 8. HP: 63/67 MP: 2/17
  3866 | D:4      | Reached ** piety under Cheibriados
  3867 | D:4      | Reached skill level 5 in Fighting
  3871 | D:4      | Upgraded the game from bcrawl-1.36.3 to bcrawl-1.38b
  3942 | D:$      | Got out of the dungeon alive.

Skill      XL: |  1  2  3  4  5  6  7  8 |
---------------+-------------------------+-----
Dodging        | 2 3 4 |  4.5
Spellcasting   | 3 4 5 |  5.2
Fighting       | 3 4 5 |  5.0
Bows           | |  2.0
Conjurations   | |  5.2
Hexes          | |  5.2
Charms         | |  5.2
Summonings     | |  5.2
Necromancy     | |  5.2
Translocations | |  5.2
Transmutations | |  5.2
Fire Magic     | |  5.2
Ice Magic      | |  5.2
Air Magic      | |  5.2
Earth Magic    | |  5.2
Poison Magic   | |  5.2

Action                   |  1- 3 |  4- 6 |  7- 9 || total
-------------------------+-------+-------+-------++-------
Melee: Whip              |    25 |    33 |       ||    58
       Headbutt          |     6 |     7 |     5 ||    18
       Bite              |     3 |     1 |     4 ||     8
       Dagger            |       |    11 |    22 ||    33
 Fire: Shortbow          |    19 |     4 |       ||    23
 Cast: Sting             |    55 |   135 |     7 ||   197
       Searing Ray       |       |     5 |     4 ||     9
       Agony             |       |     1 |     3 ||     4
  Use: Scroll            |     2 |     3 |       ||     5
  Eat: Ration            |     1 |       |       ||     1
       Chunk             |       |     8 |     2 ||    10
Armor: Animal skin       |    10 |    15 |     5 ||    30
Dodge: Dodged            |    24 |    65 |    25 ||   114
